Map: Ice Cliffs

Players

Azatoss

  • Race: Protoss Protoss
  • League: Platinum

machfertig

  • Race: Zerg Zerg
  • League: Gold

eepsmann

  • Race: Terran Terran
  • League: Gold

JohnMcClane

  • Race: Zerg Zerg
  • League: Silver

JackONeill

  • Race: Zerg Zerg

Hindulaatti

  • Race: Terran Terran
  • League: Diamond

VOD

Have the link to the VOD?

Description

Time

  • Played on: Jan. 18, 2016, 12:37 p.m.
  • Length: 6:06
Show
View Real Time Build Order
Export as new Build Order

Azatoss Protoss 

Build Orders: Mass Adepts 

Get SALT Encoding   

  12  0:01  Probe (Chrono Boost)  
  13  0:11  Probe (Chrono Boost)  
  14  0:18  Pylon  
  14  0:22  Probe (Chrono Boost)  
  15  0:36  Probe (Chrono Boost)  
  15  0:40  Gateway  
  16  0:47  Probe (Chrono Boost)  
  16  0:49  Assimilator  
  17  0:57  Probe (Chrono Boost)  
  18  1:06  Assimilator  
  18  1:08  Probe (Chrono Boost)  
  19  1:12  Pylon  
  19  1:18  Probe (Chrono Boost)  
  20  1:27  Cybernetics Core  
  20  1:29  Probe (Chrono Boost)  
  21  1:38  Zealot  
  23  1:42  Probe (Chrono Boost)  
  24  1:54  Gateway  
  24  1:59  Probe (Chrono Boost)  
  25  2:03  Warp Gate (Chrono Boost)  
  25  2:08  Adept  
  27  2:23  Gateway  
  27  2:32  Gateway  
  27  2:55  Pylon  
  27  3:02  Robotics Facility  
  25  3:14  Probe  
  26  3:38  Gateway  
  26  3:49  Warp Prism (Chrono Boost)  
  26  3:51  Adept  
  26  3:52  Adept x3  
  34  4:12  Adept  
  34  4:13  Adept  
  38  4:17  Pylon  
  38  4:33  Pylon  
  38  4:38  Adept x4  
  46  4:51  Pylon  
  46  4:53  Pylon  
  44  5:08  Stalker x2  
  48  5:22  Adept x2  
  42  5:30  Adept  
  42  5:34  Sentry x2  
  46  5:42  Sentry  
  46  5:43  Sentry  
  50  6:01  Stalker x2  
Show
View Real Time Build Order
Export as new Build Order

machfertig Zerg 

Build Orders: Pool First 

Get SALT Encoding   

  12  0:00  Drone  
  13  0:09  Drone  
  14  0:28  Spawning Pool  
  13  0:32  Extractor  
  13  0:34  Drone  
  13  0:40  Overlord  
  13  0:47  Drone  
  14  1:15  Zergling x2  
  14  1:16  Zergling x4, Queen  
  19  1:32  Overlord  
  19  1:38  Zergling x2  
  20  1:42  Metabolic Boost  
  20  1:51  Zergling x2  
  21  2:00  Zergling x2  
  22  2:10  Zergling x2  
  23  2:31  Zergling x8  
  25  2:53  Overlord  
  25  2:54  Zergling x2  
  24  3:16  Zergling x8  
  25  3:29  Zergling x2  
  21  4:02  Zergling x8  
  23  4:13  Drone  
  24  4:21  Zergling x4  
  24  4:23  Drone, Baneling Nest  
  26  4:25  Hatchery  
  23  4:45  Zergling x2  
  23  4:46  Zergling x8  
  25  5:06  Zergling x2  
  25  5:12  Baneling x3  
  23  5:33  Zergling x4  
  23  5:34  Zergling x6  
Show
View Real Time Build Order
Export as new Build Order

eepsmann Terran 

Build Orders:  

Get SALT Encoding   

  12  0:01  SCV  
  13  0:13  SCV  
  14  0:18  Supply Depot  
  14  0:25  SCV  
  15  0:39  SCV  
  16  0:56  Barracks  
  16  0:57  Barracks  
  16  1:04  Barracks  
  16  1:07  SCV  
  17  1:19  SCV  
  18  1:31  SCV  
  19  1:39  Supply Depot  
  19  1:45  Marine x2  
  22  1:47  Orbital Command  
  22  1:53  Barracks  
  21  1:55  Marine  
  22  2:05  Marine x2  
  24  2:13  Marine  
  25  2:22  Marine  
  25  2:23  Marine  
  27  2:31  Marine  
  28  2:43  Marine  
  28  2:44  Marine x2  
  31  2:53  Supply Depot  
  31  2:54  Marine  
  32  3:01  Marine x3  
  34  3:12  Marine  
  34  3:19  Marine x3  
  36  3:29  Marine  
  36  3:37  Marine x3  
  38  3:47  Marine  
  27  3:55  Marine x3  
  30  4:05  Marine, SCV  
  30  4:07  Refinery  
  32  4:10  Refinery  
  32  4:12  Marine  
  32  4:13  Marine x2  
  35  4:17  SCV  
  35  4:23  Marine  
  37  4:29  SCV  
  37  4:30  Marine x2  
  37  4:31  Marine  
  41  4:41  Marine  
  42  4:48  Marine x3  
  45  4:58  Marine  
  46  5:06  Marine x2  
  47  5:10  Marine  
  47  5:24  Marine x2  
  47  5:25  Marine  
  47  5:28  Marine  
  46  5:42  Marine  
Show
View Real Time Build Order
Export as new Build Order

JohnMcClane Zerg 

Build Orders: Hatch First 

Get SALT Encoding   

  12  0:01  Drone  
  13  0:12  Overlord  
  13  0:18  Drone  
  14  0:31  Drone  
  14  0:32  Drone  
  16  0:41  Drone  
  17  0:47  Drone  
  18  0:59  Hatchery  
  18  1:03  Extractor  
  16  1:14  Spawning Pool  
  16  1:15  Drone  
  16  1:23  Drone x2  
  18  1:28  Drone  
  19  1:43  Overlord  
  19  2:01  Queen  
  21  2:03  Baneling Nest  
  21  2:07  Zergling x4  
  22  2:08  Spine Crawler  
  21  2:19  Zergling x4  
  24  2:34  Spine Crawler  
  24  2:35  Spine Crawler  
  17  2:55  Zergling x12  
  20  3:06  Queen  
  16  3:34  Zergling x6  
  19  4:04  Drone  
  19  4:05  Drone x3  
  23  4:15  Drone x2  
  25  4:30  Drone x4  
  5  5:13  Spawning Pool  
  4  5:19  Drone  
  4  5:20  Drone x2  
  7  5:33  Drone x4  
  8  6:01  Spine Crawler  
Show
View Real Time Build Order
Export as new Build Order

JackONeill Zerg 

Build Orders: Hatch First 

Get SALT Encoding   

  12  0:01  Drone  
  13  0:08  Drone  
  14  0:17  Overlord  
  14  0:25  Drone, Extractor  
  15  0:35  Drone  
  15  0:36  Drone  
  17  0:59  Drone, Hatchery  
  17  1:05  Drone  
  17  1:08  Extractor  
  17  1:15  Spawning Pool  
  16  1:19  Drone  
  17  1:44  Drone  
  18  1:47  Overlord  
  18  2:03  Queen  
  18  2:05  Zergling x4, Spine Crawler  
  18  2:06  Spine Crawler  
  20  2:12  Zergling x4  
  22  2:19  Metabolic Boost  
  22  2:26  Zergling x2  
  23  2:31  Zergling x2  
  23  2:32  Zergling x2  
  25  2:37  Zergling x2  
  25  2:47  Zergling x4  
  26  2:52  Zergling x2  
  26  2:56  Zergling x2  
  28  3:03  Zergling x2  
  29  3:15  Zergling x6  
  23  3:29  Zergling x4  
  24  3:34  Zergling x2  
  24  3:39  Queen  
  24  3:40  Drone  
  28  3:53  Zergling x6  
  30  4:01  Drone  
  31  4:07  Drone  
  32  4:10  Drone  
  32  4:11  Drone x2  
  32  4:14  Overlord  
  35  4:20  Baneling Nest  
  35  4:23  Overlord  
  28  4:43  Zergling x10  
  28  4:44  Zergling x4  
  35  4:53  Zergling x8  
  38  5:02  Zergling x2  
  38  5:05  Zergling x2  
  38  5:07  Baneling x3  
  38  5:08  Baneling x6  
  38  5:13  Zergling x2  
  35  5:16  Zergling x2  
  35  5:22  Zergling x6  
  31  5:34  Zergling x4  
  31  5:35  Zergling x4  
  34  5:38  Baneling x3  
  34  5:42  Zergling x2  
Show
View Real Time Build Order
Export as new Build Order

Hindulaatti Terran 

Build Orders:  

Get SALT Encoding   

  12  0:01  SCV  
  13  0:13  SCV  
  14  0:18  Supply Depot  
  14  0:25  SCV  
  15  0:40  SCV  
  16  0:53  SCV  
  17  1:10  SCV  
  18  1:13  Barracks  
  18  1:15  Command Center  
  18  1:24  Barracks  
  18  1:28  SCV  
  19  1:41  Barracks  
  19  1:44  SCV  
  20  1:54  Supply Depot  
  20  1:56  SCV  
  20  2:01  Marine  
  22  2:09  Orbital Command  
  22  2:12  Marine  
  23  2:22  Marine  
  24  2:25  Bunker  
  24  2:30  Marine x2  
  26  2:40  Marine  
  26  2:48  Marine x2  
  27  2:58  Marine  
  26  3:05  Marine  
  26  3:06  Marine  
  26  3:10  SCV  
  26  3:16  Marine  
  26  3:23  Marine x2  
  28  3:33  SCV x2  
  28  3:34  Marine  
  31  3:41  Marine x2, Barracks  
  33  3:51  Marine  
  34  3:59  Marine x2  
  34  4:02  Supply Depot  
  36  4:07  Orbital Command  
  37  4:12  Refinery  
  37  4:14  Refinery  
  37  4:17  Barracks Tech Lab, Marine x2  
  38  4:34  Marine x2  
  38  4:35  Marine  
  31  4:41  Marine  
  31  4:51  SCV x2  
  31  4:52  Marine  
  33  4:53  Marine  
  33  4:57  Barracks Reactor  
  33  4:58  Marine  
  32  5:02  Barracks  
  31  5:10  Marine x2  
  29  5:16  Marine  
  29  5:18  SCV x2  
  32  5:28  Marine  
  32  5:29  Marine  
  32  5:31  Orbital Command  
  32  5:34  Marine  
  25  5:47  Marine  
Tags
 
Add a new tag
Caveats
  • Supply blocks, unpowered buildings, or Contaminate may cause inaccurate times.
  • Supply counts are checked every 10 seconds.